 Dungeon Crawl Stone Soup version 0.28-a0-823-gb444dcf96d (webtiles) character file.

Game seed: 7775550966076898090

2449 Crownlay the Carver (level 9, -7/70 HPs)
             Began as a Minotaur Fighter on Nov 9, 2021.
             Was a Believer of Okawaru.
             Mangled by a yak (11 damage)
             ... on level 7 of the Dungeon.
             The game lasted 00:11:01 (7504 turns).

Crownlay the Carver (Minotaur Fighter)              Turns: 7504, Time: 00:11:02

Health: -7/70      AC:  8    Str: 25    XL:     9   Next: 25%
Magic:  12/12      EV: 10    Int:  5    God:    Okawaru [**....]
Gold:   430        SH:  4    Dex:  9    Spells: 8/8 levels left

rFire   . . .      SeeInvis .   s - +1 falchion (elec)
rCold   . . .      Faith    .   c - +0 buckler
rNeg    . . .      Spirit   .   b - +0 scale mail
rPois   .          Reflect  .   (helmet restricted)
rElec   .          Harm     .   (no cloak)
rCorr   .          Rampage  .   (no gloves)
Will    .....                   n - +0 pair of boots
Stlth   ..........              (no amulet)
HPRegen 0.21/turn               (no ring)
MPRegen 0.13/turn               (no ring)

@: no status effects
A: horns 2, retaliatory headbutt
a: Renounce Religion, Heroism


You were on level 7 of the Dungeon.
You worshipped Okawaru.
Okawaru was pleased with you.
You visited 2 branches of the dungeon, and saw 8 of its levels.
You also visited: Ossuary.

You collected 430 gold pieces.

Inventory:

Hand Weapons
 k - a +2 hand axe of flaming
 s - a +1 falchion of electrocution (weapon)
 v - the +5 short sword of Ruipna {holy, rC+ Will+ Str+6}
   (You found it on level 7 of the Dungeon)

   It has been blessed by the Shining One to cause great damage to the undead
   and demons.
   Str:       It affects your strength (+6).
   rC:        It protects you from cold.
   Will:      It increases your willpower.
Missiles
 f - a curare-tipped dart (quivered)
 t - a throwing net
Armour
 b - a +0 scale mail (worn)
 c - a +0 buckler (worn)
 n - a +0 pair of boots (worn)
Scrolls
 g - a scroll of fear {unknown}
 i - 2 scrolls of teleportation
 j - a scroll of enchant armour {unknown}
 m - 2 scrolls of enchant weapon
 p - a scroll of torment {unknown}
 r - 3 scrolls of noise
 u - a scroll of holy word {unknown}
 x - a scroll of vulnerability {unknown}
Potions
 a - a potion of flight {unknown}
 d - 3 potions of might
 e - 2 potions of lignification {unknown}
 h - 4 potions of curing
 l - a potion of cancellation {unknown}
 o - a potion of attraction {unknown}
 q - a potion of brilliance {unknown}
 w - 2 potions of berserk rage {unknown}
 z - a potion of invisibility {unknown}


   Skills:
 - Level 3.6 Fighting
 * Level 13.3 Long Blades
 - Level 3.6 Armour
 - Level 4.0 Shields
 + Level 5.3 Invocations


You had 8 spell levels left.
You didn't know any spells.
Your spell library contained the following spells:

 Spells                   Type           Power      Damage    Failure   Level
 Foxfire                  Conj/Fire      0%         2x1d4     77%         1
 Ensorcelled Hibernation  Hex/Ice        0%         N/A       88%         2
 Conjure Flame            Conj/Fire      0%         6-21      98%         3
 Inner Flame              Hex/Fire       0%         N/A       98%         3
 Airstrike                Air            0%         N/A       100%        4
 Flame Wave               Conj/Fire      0%         3d3       100%        4
 Lightning Bolt           Conj/Air       0%         1d11      100%        5
 Tukima's Dance           Hex            Unusable   N/A       N/A         3
 Summon Lightning Spire   Summ/Air       Unusable   N/A       N/A         4

Dungeon Overview and Level Annotations

Branches:
Dungeon (7/15)             Temple (1/1) D:4         Ossuary (visited)

Altars:
Cheibriados
Elyvilon
Fedhas
Gozag
Hepliaklqana
Okawaru
Sif Muna
Trog
Uskayaw

Shops:
D:3 :(*:[

Annotations:
D:3 3 runed translucent doors, Karim's ghost, amateur TrMo


Innate Abilities, Weirdness & Mutations

You have a pair of horns on your head.
You reflexively headbutt those who attack you in melee.


Message History

You slash the vampire mosquito!
The vampire mosquito is almost destroyed.
You block the vampire mosquito's attack.
The vampire mosquito bites you.
The vampire mosquito draws strength from your injuries!
You miss the vampire mosquito.
The vampire mosquito is severely damaged.
The vampire mosquito bites you!
The vampire mosquito draws strength from your injuries!
You completely miss the vampire mosquito.
Your headbutt misses the vampire mosquito.
The vampire mosquito is severely damaged.
The vampire mosquito barely misses you.
You slash the vampire mosquito!
Lightning courses through the vampire mosquito!
You destroy the vampire mosquito!
Okawaru accepts your kill.
No target in view!
No target in view!
No target in view!
Magic restored.
HP restored.
Done exploring.
You climb downwards.
The wyvern skeleton bites you but does no damage.
The troll bites you but does no damage. The troll claws you.
The troll barely misses you. The yak barely misses you.
You furiously retaliate!
You headbutt the yak! The troll completely misses you. You furiously retaliate!
You headbutt the troll! The troll claws you. The troll claws you!
The wyvern skeleton bites you. You block the yak's attack.
You block the troll's attack. The troll claws you. The troll claws you!
There is a stone staircase leading up, spattered with blood here.
You block the wyvern skeleton's attack. The troll bites you.
The troll claws you! The troll claws you but does no damage.
The troll bites you!
* * * LOW HITPOINT WARNING * * *
The troll claws you but does no damage. The troll claws you.
* * * LOW HITPOINT WARNING * * *
The yak gores you!
You die...

#..####Z.....# . #.
#......##........ #.
#T.............. .#.
#.....(#.##.... .. #
#.######..#.#.# .# .#
#...#####...#.####.##.##
#...#...................
#...#..TY#..............
#......Z@T...............
#......#########.........
#..>...#.'.#.#.#.........
#...#..###'#'#'#.........
##...##.#.'...'.#.........
#....######...###.........
#.#######.'...'.#.........
##.####..#.#'#'#'#.........
#.......##.#.#.#.###.......


You could see a yak, 2 trolls and a wyvern skeleton.

Vanquished Creatures
  A yak (D:6)
  A vampire mosquito (D:6)
  2 water moccasins
  Duvessa (D:5)
  2 black bears
  4 ogres
  3 kobold brigands
  An elf zombie (Ossuary)
  A gnoll sergeant (D:4)
  A water moccasin zombie (D:4)
  2 elf skeletons (D:7)
  Dowan (D:5)
  2 water moccasin skeletons (D:4)
  3 centaur zombies
  2 human zombies (Ossuary)
  A centaur skeleton (D:5)
  2 hounds
  An orc priest (D:5)
  2 iguanas
  A human skeleton (D:7)
  An orc wizard (D:5)
  3 mummies (Ossuary)
  A howler monkey zombie (D:5)
  3 gnolls (D:4)
  10 adders
  An ufetubus (D:4)
  5 adder zombies (Ossuary)
  5 worms
  2 dart slugs
  8 orcs
  7 ball pythons
  3 bats
  8 endoplasms
  3 gnoll zombies (Ossuary)
  2 goblins (D:2)
  7 hobgoblins
  3 quokkas
  4 frilled lizards
  4 goblin zombies (Ossuary)
  2 hobgoblin zombies (Ossuary)
  3 jackal zombies (Ossuary)
  33 kobolds
  A kobold zombie (Ossuary)
  An orc skeleton (D:7)
  4 orc zombies
  4 quokka zombies (Ossuary)
  3 rats
  5 rat zombies (Ossuary)
170 creatures vanquished.

Vanquished Creatures (others)
  15 plants (D:6)
15 creatures vanquished.

Grand Total: 185 creatures vanquished

Notes
Turn   | Place    | Note
-------+----------+-------------------------------------------
     0 | D:1      | Crownlay the Minotaur Fighter began the quest for the Orb.
     0 | D:1      | Reached XP level 1. HP: 19/19 MP: 0/0
   252 | D:1      | Reached skill level 3 in Long Blades
   288 | D:1      | Reached XP level 2. HP: 25/26 MP: 1/1
   856 | D:1      | Found a faded altar of an unknown god.
  1352 | D:2      | Reached skill level 4 in Long Blades
  1352 | D:2      | Reached XP level 3. HP: 29/31 MP: 2/2
  2066 | D:3      | Found Gus Ump's Book Boutique.
  2096 | D:3      | Reached skill level 5 in Long Blades
  2116 | D:3      | Found Ziewkor's Weapon Emporium.
  2153 | D:3      | Reached XP level 4. HP: 39/39 MP: 3/3
  2168 | D:3      | Found Tehikypn's Assorted Antiques.
  2311 | D:3      | Found Arixet's Book Shop.
  2336 | D:3      | Found a runed translucent gate.
  2337 | D:3      | Found a runed translucent gate.
  2337 | D:3      | Found an opulent altar of Gozag.
  2338 | D:3      | Found a runed translucent gate.
  2502 | D:3      | Found Boqeas's Armour Shoppe.
  2747 | D:3      | Noticed Karim's ghost (amateur TrMo)
  2943 | D:4      | Noticed an ogre
  2943 | D:4      | Found a blossoming altar of Fedhas.
  2943 | D:4      | Found a bloodstained altar of Trog.
  2943 | D:4      | Found a snail-covered altar of Cheibriados.
  2950 | D:4      | Killed an ogre
  2951 | D:4      | Reached skill level 6 in Long Blades
  2951 | D:4      | Reached XP level 5. HP: 43/45 MP: 4/4
  3306 | D:4      | Reached skill level 7 in Long Blades
  3333 | D:4      | Reached XP level 6. HP: 25/51 MP: 5/5
  3556 | D:4      | Reached skill level 8 in Long Blades
  3884 | D:4      | Reached skill level 9 in Long Blades
  3884 | D:4      | Reached XP level 7. HP: 51/57 MP: 6/6
  4204 | D:4      | Found a staircase to the Ecumenical Temple.
  4218 | Temple   | Entered the Ecumenical Temple
  4297 | Temple   | Became a worshipper of Warmaster Okawaru
  4528 | D:5      | Entered Level 5 of the Dungeon
  4613 | D:5      | Reached skill level 10 in Long Blades
  4836 | D:5      | Reached skill level 1 in Invocations
  5472 | D:6      | Noticed Duvessa
  5472 | D:6      | Noticed Dowan
  5481 | D:5      | Reached XP level 8. HP: 61/64 MP: 8/8
  5574 | D:5      | Reached skill level 11 in Long Blades
  5706 | D:5      | Killed Duvessa
  5713 | D:5      | Killed Dowan
  5713 | D:5      | Reached * piety under Okawaru
  6019 | D:6      | Reached skill level 12 in Long Blades
  6339 | D:6      | Reached ** piety under Okawaru
  6875 | D:7      | Identified the +5 short sword of Ruipna {holy, rC+ Will+
                  | Str+6}
  6918 | D:7      | Reached XP level 9. HP: 60/70 MP: 11/11
  6934 | D:7      | Found a sand-covered staircase.
  6949 | Ossuary  | Entered an ossuary
  7104 | Ossuary  | Reached skill level 13 in Long Blades
  7104 | Ossuary  | Reached skill level 5 in Invocations
  7326 | D:7      | Noticed a troll
  7327 | D:7      | Noticed a troll
  7504 | D:7      | Mangled by a yak

Illustrated notes

Levels and vault maps discovered:
D:1:      dpeg_arrival_central, layout_basic, serial_forest,
          infiniplex_forest_lined_2, infiniplex_forest_clump_tiny,
          infiniplex_forest_zigzag_2, infiniplex_forest_diagonal,
          shapermc_ecumenical_altar_pompeii
D:2:      layout_basic
D:3:      layout_loops_ring, serial_shops, shop, shop, shop,
          nicolae_shop_waterfront, shop, ebering_ghost_gozag,
          wander_ebering_terrifying_dragon_lair
D:4:      layout_basic, grunt_temple_overflow_open,
          minmay_temple_entry_sparse_star, lightli_minifort
D:5:      layout_gridville
D:6:      kennysheep_kobold_camp, layout_rooms, st_stairs_6, uniq_duvessa
D:7:      minmay_blocky_corners, layout_rooms, serial_shops,
          nicolae_shop_statue_plus, nicolae_ossuary_entry_catacombs,
          chequers_serial_rivers_small_3
Temple:   hc_temple_tempest_star

Skill      XL: |  1  2  3  4  5  6  7  8  9 |
---------------+----------------------------+-----
Long Blades    | 3 4 5 6 7 9 10 12 13 | 13.3
Shields        | 4 |  4.0
Invocations    | 2 4 5 |  5.3
Fighting       | |  3.6
Armour         | |  3.6

Action                   |  1- 3 |  4- 6 |  7- 9 || total
-------------------------+-------+-------+-------++-------
Melee: Long sword        |    82 |    88 |    46 ||   216
       Headbutt          |     9 |    20 |    70 ||    99
       Falchion          |       |       |   313 ||   313
Throw: Throwing net      |       |     1 |       ||     1
  Use: Potion            |       |     1 |     1 ||     2
       Scroll            |       |       |     3 ||     3
 Stab: Held in net/web   |       |     1 |       ||     1
Armor: Scale mail        |    35 |    30 |   114 ||   179
Dodge: Dodged            |    26 |    40 |   106 ||   172
Block: Buckler           |    14 |    27 |    53 ||    94

Table legend: (Time is in decaauts)
 A = Elapsed time spent in this place.
 B = Non-inter-level travel time spent in this place.
 C = Inter-level travel time spent in this place.
 D = Time resting spent in this place.
 E = Time spent auto-exploring this place.
 F = Levels seen in this place.
 G = Mean time per level.
                   A        B        C        D        E       F      G
               +--------+--------+--------+--------+--------+-----+--------+
         Total |   7430 |   7148 |    282 |    233 |   5738 |   9 |  825.6 |
       Dungeon |   7026 |   6760 |    266 |    233 |   5475 |   7 | 1003.7 |
        Temple |     95 |     79 |     16 |      0 |     67 |   1 |   95.0 |
       Ossuary |    308 |    308 |      0 |      0 |    196 |   1 |  308.0 |
               +--------+--------+--------+--------+--------+-----+--------+

Top non-repeatable levels by time:
     D:5: 1354 daAuts
     D:4: 1301 daAuts
     D:1: 1149 daAuts
     D:3: 1073 daAuts
     D:6: 1045 daAuts
     D:2: 927 daAuts
 Ossuary: 308 daAuts
     D:7: 172 daAuts
  Temple: 95 daAuts
